[Event "European Blitz-ch 2018"]
[Site "Skopje"]
[Date "2018.12.06"]
[Round "1"]
[White "Tsolakidou, Stavroula"]
[Black "Nenezic, Marko"]
[Result "0-1"]
[ECO "B30"]
[WhiteElo "2387"]
[BlackElo "2515"]
[Annotator "ChessBase"]
[PlyCount "88"]
[EventDate "2018.12.06"]
[EventType "swiss"]
[EventCountry "MKD"]
[SourceTitle "playchess.com"]
[Source "ChessBase"]
[SourceQuality "1"]
[TimeControl "180+2"]

1. e4 c5 2. Nf3 Nc6 3. Bb5 Nf6 4. Bxc6 dxc6 5. d3 Qc7 6. h3 e5 7. Nc3 h6 8. Be3 Be6 9. Qe2 Be7 10. a4 g5 11. Nd2 Rg8 12. a5 h5 13. g3 g4 14. h4 Nd7 15. Nc4 Nf8 16. Nd1 f5 17. exf5 Bd5 18. Rg1 O-O-O 19. Bh6 Nd7 20. Nc3 Bf3 21. Qe3 Rde8 22. Kd2 Bf8 23. Bxf8 Rgxf8 24. Qg5 Nf6 25. Rae1 e4 26. dxe4 Nxe4+ 27. Nxe4 Bxe4 28. f6 Bd5 29. Ne3 Qxa5+ 30. Kc1 Qa1+ 31. Kd2 Qa5+ 32. c3 Be4 33. Rd1 Rd8+ 34. Ke1 Rxd1+ 35. Nxd1 Qb5 36. Qe3 Qc4 37. Qf4 Qe6 38. Qe3 Rxf6 39. Kd2 Rf3 40. Qg5 Qd6+ 41. Kc1 Qd3 42. Qg8+ Kc7 43. Qg7+ Kb6 44. Ne3 Qb1+ 0-1